 Dungeon Crawl Stone Soup version 0.21-a0-450-gd87a9b2 (webtiles) character file.

1170 Kilingo the Grave Robber (level 8, -5/59 HPs)
             Began as a Ghoul Necromancer on Nov 19, 2017.
             Slain by an orc warrior
             ... wielding a +0 hand axe
              (10 damage)
             ... on level 5 of the Dungeon on Nov 20, 2017.
             The game lasted 02:14:29 (7506 turns).

Kilingo the Grave Robber (Ghoul Necromancer)        Turns: 7506, Time: 02:14:29

Health: -5/59      AC:  9    Str: 12    XL:     8   Next: 40%
Magic:  0/14       EV: 14    Int: 12    God:
Gold:   238        SH:  0    Dex:  9    Spells: 4/17 levels left

rFire    + . .     SeeInvis .     - Unarmed
rCold    + . .     Gourm    .   (no shield)
rNeg     + + +     Faith    .   C - +1 ring mail {rF+}
rPois    ∞         Spirit   +   r - +2 helmet
rElec    .         Reflect  .   o - scarf {Spirit}
rCorr    .         Harm     .   (no gloves)
MR       .....                  (no boots)
Stlth    +.........             (no amulet)
HPRegen  0.00/turn              B - +3 ring of evasion
MPRegen  0.14/turn              (no ring)

@: rotting
A: rotting body, claws 1, carnivore 3, cold resistance 1, negative energy
resistance 3, inhibited regeneration, torment resistance, unbreathing
a: no special abilities


You were on level 5 of the Dungeon.
You were not hungry.

You visited 2 branches of the dungeon, and saw 8 of its levels.

You collected 313 gold pieces.
You spent 75 gold pieces at shops.

Inventory:

Hand Weapons
 g - a +0 short sword of freezing
 k - a +3 quarterstaff of chaos
 t - a +2 dagger of venom
 v - a +0 dagger of speed
 z - a +1 flail of protection
Armour
 b - a cursed +0 plate armour
 d - a +0 scale mail
 o - a scarf of spirit shield (worn)
 r - a +2 helmet (worn)
 u - a +0 cloak
 x - a +1 leather armour
 y - a +0 shield
 C - a +1 ring mail of fire resistance (worn)
Jewellery
 B - a +3 ring of evasion (left claw)
Wands
 s - a wand of disintegration (7/24)
Scrolls
 a - 5 scrolls of remove curse
 h - a scroll of magic mapping {unknown}
 j - a scroll of acquirement {unknown}
 l - 3 scrolls of teleportation
 n - a scroll of immolation {unknown}
 A - a scroll of noise
 D - a scroll of fear
Potions
 e - a potion of degeneration
 i - 2 potions of brilliance
 m - a potion of curing
 p - 2 potions of heal wounds
 w - a potion of magic {unknown}
Books
 q - a book of Callings

   Spells                             Type                      Level
   a - Summon Small Mammal            Summoning                    1
   b - Call Imp                       Summoning                    2
   c - Call Canine Familiar           Summoning                    3
   d - Summon Guardian Golem          Hexes/Summoning              3
   e - Summon Lightning Spire         Summoning/Air                4
   f - Summon Ice Beast               Ice/Summoning                4
Comestibles
 c - 4 meat rations


   Skills:
 + Level 1.3 Fighting
 + Level 0.2 Short Blades
 + Level 2.3 Armour
 + Level 2.7 Dodging
 + Level 3.0 Stealth
 + Level 2.4 Unarmed Combat
 + Level 5.0 Spellcasting
 + Level 7.0 Necromancy
 + Level 0.5 Evocations


You had 4 spell levels left.
You knew the following spells:

 Your Spells              Type           Power        Failure   Level  Hunger
a - Pain                  Necr           ###.         2%          1    None
b - Animate Skeleton      Necr           N/A          2%          1    None
c - Vampiric Draining     Necr           ###.......   7%          3    ###....
d - Animate Dead          Necr           N/A          24%         4    ####...
e - Control Undead        Necr           ###.......   24%         4    ####...


Dungeon Overview and Level Annotations

Branches:
Dungeon (7/15)             Temple (1/1) D:7

Altars:
Ashenzari
Cheibriados
Fedhas
Gozag
Hepliaklqana
Makhleb
Nemelex Xobeh
Okawaru
Ru
Sif Muna
Uskayaw
Vehumet
Wu Jian
Xom
Yredelemnul

Shops:
D:4 *


Innate Abilities, Weirdness & Mutations

Your body is rotting away.
You thrive on raw meat.
You are immune to poison.
You have sharp fingernails.
You are carnivorous and can eat meat at any time.
Your flesh is cold resistant. (rC+)
You are immune to negative energy. (rN+++)
You do not regenerate when monsters are visible.
You are immune to unholy pain and torment.
You can survive without breathing.


Message History

Confirm with . or Enter, or press ? or * to list all spells.
Aiming: Vampiric Draining
Press: ? - help, Shift-Dir - straight line, f - orc warrior
Aim: an orc warrior, wielding a hand axe and wearing a chain mail (moderately wounded)
The orc warrior is severely wounded.
You feel life coursing into your body.
The orc warrior hits you with a hand axe!
You scratch the orc warrior.
The orc warrior is severely wounded.
The orc warrior hits you with a hand axe!
* * * LOW HITPOINT WARNING * * *
Your ring mail prevents you from hitting the orc warrior.
The orc warrior is severely wounded.
The orc warrior hits you but does no damage.
You scratch the orc warrior but do no damage.
The orc warrior is severely wounded.
You scratch the orc warrior but do no damage.
The orc warrior is severely wounded.
The orc warrior hits you with a hand axe!
You die...

..........#.# #.# #......
..........#.###########.###......
..........#.##............+......
..........#.##.#####....###......
..........#'##...###....# #......
.)...).....>............# ##....#
#....[...#..............# #.####
#.....<).#..............####'####
#........#.....o@....##..........
#........#...........##..........
#......%.#######'######..........
.........#######..# #..........
.........'........## #..........
.........########..# #.........≈
.........##...# ##.## #.####'##.§
.........##...# #..# #.# ##'##.≈
.........##...# ##.# #.# #.....≈


You could see an orc warrior.

Vanquished Creatures
  Purgy (D:2)
  An ice beast (D:7)
  2 ogres
  2 bullfrogs (D:6)
  A howler monkey (D:6)
  Crazy Yiuf (D:3)
  2 orc priests (D:4)
  2 iguanas
  6 orc wizards
  3 worker ants
  A hound zombie (D:7)
  A worker ant zombie (D:5)
  5 gnolls
  A howler monkey skeleton (D:4)
  7 adders
  2 shadow imps
  2 oozes
  An adder zombie (D:7)
  A dart slug (D:1)
  3 leopard geckos
  25 orcs
  4 bats
  3 giant cockroaches
  4 goblins
  4 hobgoblins (D:1)
  4 jackals
  4 kobolds
  2 quokkas
  A ball python (D:3)
  7 frilled lizards
  A jackal skeleton (D:4)
  7 rats
  A fungus (D:3)
112 creatures vanquished.

Vanquished Creatures (collateral kills)
  A bat (D:1)
  A rat (D:1)
2 creatures vanquished.

Grand Total: 114 creatures vanquished

Notes
Turn   | Place    | Note
-------+----------+-------------------------------------------
     0 | D:1      | Kilingo the Ghoul Necromancer began the quest for the Orb.
     0 | D:1      | Reached XP level 1. HP: 14/14 MP: 2/2
     2 | D:1      | Learned a level 1 spell: Animate Skeleton
   515 | D:1      | Reached XP level 2. HP: 14/20 MP: 0/3
   889 | D:1      | Reached XP level 3. HP: 21/27 MP: 1/5
  1357 | D:1      | Learned a level 3 spell: Vampiric Draining
  1479 | D:1      | Reached XP level 4. HP: 27/34 MP: 0/6
  1704 | D:2      | Found an iron altar of Okawaru.
  1956 | D:3      | Noticed an ogre
  1971 | D:2      | Killed an ogre
  1971 | D:2      | Reached skill level 1 in Unarmed Combat
  1971 | D:2      | Reached skill level 5 in Necromancy
  1971 | D:2      | Reached XP level 5. HP: 26/35 MP: 0/8
  1980 | D:3      | Noticed Purgy
  2098 | D:3      | Found a faded altar of an unknown god.
  2217 | D:2      | Learned a level 4 spell: Animate Dead
  2701 | D:3      | Reached XP level 6. HP: 37/46 MP: 0/10
  3314 | D:3      | Found a runed door.
  3318 | D:3      | Noticed Crazy Yiuf
  3323 | D:3      | Killed Crazy Yiuf
  3640 | D:4      | Found Bofad's General Store.
  3742 | D:2      | Killed Purgy
  3742 | D:2      | Reached skill level 1 in Fighting
  3742 | D:2      | Reached XP level 7. HP: 24/52 MP: 0/12
  3751 | D:2      | Learned a level 4 spell: Control Undead
  3780 | D:4      | Reached skill level 1 in Armour
  4343 | D:4      | Bought a scroll of blinking for 75 gold pieces
  4760 | D:5      | Entered Level 5 of the Dungeon
  5632 | D:5      | Reached skill level 6 in Necromancy
  6408 | D:6      | Reached XP level 8. HP: 46/58 MP: 0/14
  7048 | D:7      | Found a staircase to the Ecumenical Temple.
  7057 | Temple   | Entered the Ecumenical Temple
  7356 | D:7      | Reached skill level 5 in Spellcasting
  7356 | D:7      | Reached skill level 7 in Necromancy
  7506 | D:5      | Slain by an orc warrior

Vault maps used:
D:1:      lemuel_arrival_broad_hall
D:2:      lemuel_doored_altar, minmay_crystal_room
D:3:      cheibrodos_helix_gallery, chequers_ecumenical_altar_simple,
          uniq_crazy_yiuf_cottage, uniq_purgy
D:4:      serial_shops, shop
D:5:      first_bread, kennysheep_boxes
D:7:      minmay_the_grid_four_pointed_star, lightli_temple_of_fire,
          elyvilon_altar_3, minmay_temple_entry_statues_pillars,
          kennysheep_donut, the_bakery
Temple:   eino_temple_water

Skill      XL: |  1  2  3  4  5  6  7  8 |
---------------+-------------------------+-----
Spellcasting   | 2 3 4 5 |  5.0
Dodging        | 2 |  2.7
Unarmed Combat | 1 2 |  2.4
Necromancy     | 5 6 7 |  7.0
Stealth        | 3 |  3.0
Fighting       | 1 |  1.3
Armour         | 1 2 |  2.3
Short Blades   | |  0.2
Evocations     | |  0.5

Action                   |  1- 3 |  4- 6 |  7- 9 || total
-------------------------+-------+-------+-------++-------
Melee: Unarmed           |    41 |    62 |   208 ||   311
       Short sword       |     2 |     4 |       ||     6
       Dagger            |       |     2 |    10 ||    12
       Punch             |       |       |     2 ||     2
 Cast: Pain              |    44 |    80 |   114 ||   238
       Animate Skeleton  |     8 |     2 |     2 ||    12
       Vampiric Draining |     1 |    15 |    14 ||    30
       Control Undead    |       |       |    11 ||    11
       Animate Dead      |       |       |     2 ||     2
Evoke: Wand              |       |     1 |     2 ||     3
  Use: Scroll            |     5 |     4 |     8 ||    17
       Potion            |       |     2 |     2 ||     4
 Stab: Sleeping          |     2 |       |     2 ||     4
  Eat: Chunk             |    10 |    12 |    25 ||    47
       Meat ration       |       |       |     2 ||     2
Armor: Robe              |    12 |    47 |       ||    59
       Leather armour    |       |    15 |    61 ||    76
       Ring mail         |       |       |     9 ||     9
Dodge: Dodged            |    55 |   143 |   202 ||   400
Block: Shield            |       |       |    10 ||    10

Table legend:
 A = Spawn XP
 B = Non-spawn XP
 C = Spawn XP percentage of total XP
 D = Spawn monster count
 E = Non-spawn monster count
 F = Spawn count percentage of total count
 G = Total turns spent on level
                    A         B        C        D         E        F      G
               +---------+---------+-------+---------+---------+-------+---------
         Total |       0 |    1672 |   0.0 |       0 |     113 |   0.0 |  7506
               +---------+---------+-------+---------+---------+-------+---------
           D:1 |       0 |      81 |   0.0 |       0 |      24 |   0.0 |  1359
           D:2 |       0 |     322 |   0.0 |       0 |      17 |   0.0 |  1187
           D:3 |       0 |     191 |   0.0 |       0 |      22 |   0.0 |  1102
           D:4 |       0 |     208 |   0.0 |       0 |      17 |   0.0 |  1405
           D:5 |       0 |     249 |   0.0 |       0 |      13 |   0.0 |  1215
           D:6 |       0 |     462 |   0.0 |       0 |      15 |   0.0 |   834
           D:7 |       0 |     159 |   0.0 |       0 |       5 |   0.0 |   170
               +---------+---------+-------+---------+---------+-------+---------
